Map: Frost LE

Players

Artanis

  • Race: Terran Terran
  • League: Platinum

blackxored - Winner!

  • Race: Zerg Zerg
  • League: Diamond

VOD

Have the link to the VOD?

Description

Time

  • Played on: July 2, 2016, 12:21 a.m.
  • Length: 14:37
Show
View Real Time Build Order
Export as new Build Order

Artanis Terran 

Build Orders: MMM Bio 

Get SALT Encoding   

  12  0:01  SCV  
  13  0:13  SCV  
  14  0:20  Supply Depot  
  14  0:25  SCV  
  15  0:42  SCV  
  16  0:44  Barracks  
  16  0:49  Refinery  
  16  0:54  SCV  
  17  1:06  SCV  
  18  1:18  SCV  
  19  1:30  SCV  
  20  1:36  Supply Depot  
  20  1:39  Reaper  
  21  1:43  Orbital Command  
  21  1:46  Refinery  
  21  2:09  Barracks  
  21  2:13  SCV  
  22  2:25  SCV  
  22  2:28  Command Center  
  23  2:31  Barracks Reactor  
  22  3:13  Marine x2  
  22  3:19  Factory  
  24  3:20  Barracks Reactor  
  24  3:26  SCV  
  25  3:35  Marine x2  
  25  3:38  SCV  
  28  3:43  Supply Depot  
  28  3:48  SCV  
  29  3:50  SCV  
  30  3:56  Marine x2  
  30  3:57  Marine x2  
  30  4:00  SCV  
  30  4:02  SCV  
  36  4:05  Bunker, Starport  
  36  4:06  Factory Reactor  
  36  4:10  Barracks  
  36  4:12  SCV  
  36  4:14  SCV  
  38  4:24  SCV  
  38  4:26  SCV  
  40  4:36  SCV  
  41  4:54  Factory Tech Lab  
  41  4:59  Engineering Bay  
  41  5:00  Barracks Tech Lab  
  41  5:03  SCV x2  
  41  5:05  Refinery  
  43  5:14  Bunker  
  43  5:15  SCV x2  
  43  5:18  Medivac x2  
  49  5:21  Siege Tank  
  49  5:24  Stimpack  
  49  5:25  Marauder  
  54  5:29  Supply Depot  
  54  5:32  Supply Depot  
  54  5:36  Orbital Command  
  54  5:38  Terran Infantry Weapons Level 1  
  54  5:50  Medivac x2, SCV  
  54  5:51  Marauder  
  54  5:52  Supply Depot  
  54  5:56  Supply Depot, Siege Tank  
  64  6:02  SCV  
  64  6:03  SCV  
  66  6:07  Refinery  
  66  6:15  SCV x2  
  66  6:17  Marine x2  
  72  6:18  Marine, Marauder  
  72  6:19  Marine  
  72  6:25  Medivac  
  76  6:27  SCV x2  
  78  6:42  Marine x4, Marauder  
  84  7:04  Supply Depot  
  84  7:06  Supply Depot  
  84  7:20  Marauder  
  86  7:25  Marine x4  
  90  7:42  Marauder  
  90  7:43  Marine x4  
  71  8:01  Marine x3  
  71  8:03  Terran Infantry Armor Level 1, Marauder  
  76  8:09  Command Center, Armory  
  76  8:18  Barracks  
  76  8:19  Barracks  
  76  8:23  Barracks  
  76  8:25  Marauder  
  76  8:26  Marine x3, Barracks  
  76  8:27  Marine  
  82  8:44  Marine x4  
  82  8:46  Marauder  
  78  9:02  Marine x4  
  81  9:07  Marauder  
  64  9:21  Barracks Tech Lab  
  64  9:22  Barracks Reactor x2, Barracks Tech Lab  
  64  9:25  Orbital Command  
  64  9:28  Engineering Bay  
  64  9:29  Marauder  
  66  9:31  Terran Vehicle Weapons Level 1  
  66  9:35  SCV x2  
  68  9:45  Combat Shields  
  68  9:46  Concussive Shells  
  68  9:47  Marine  
  68  9:48  Marine x2  
  68  9:50  Marauder  
  73  10:01  Orbital Command  
  73  10:11  Marauder  
  75  10:31  Marine x10  
  75  10:33  Marauder  
  87  10:48  Marine  
  87  10:49  Marine x9  
  94  10:54  Marauder  
  94  11:03  Terran Infantry Armor Level 2, Terran Infantry Weapons Level 2  
  94  11:06  Marine  
  94  11:07  Marine x7  
  102  11:13  Supply Depot  
  102  11:14  Supply Depot  
  102  11:33  Terran Vehicle Weapons Level 2  
  102  11:34  Marine x8  
  102  11:37  Marine  
  102  11:39  Marine  
  112  11:53  Marauder x3  
Show
View Real Time Build Order
Export as new Build Order

blackxored Zerg - Winner!

Build Orders: Hatch First, Muta Ling Bane 

Get SALT Encoding   

  12  0:01  Drone  
  13  0:08  Drone  
  14  0:17  Overlord  
  14  0:23  Extractor  
  14  0:24  Drone  
  15  0:37  Drone x2  
  17  0:56  Hatchery  
  16  0:59  Drone  
  16  1:02  Drone  
  18  1:09  Drone  
  19  1:15  Extractor  
  18  1:21  Spawning Pool  
  18  1:25  Drone  
  18  1:36  Drone  
  18  1:54  Drone  
  18  1:55  Overlord  
  19  2:06  Drone  
  20  2:10  Queen  
  20  2:11  Queen  
  20  2:12  Zergling x4  
  26  2:21  Zergling x2  
  27  2:23  Drone  
  27  2:27  Metabolic Boost  
  28  2:42  Hatchery  
  27  2:45  Drone  
  27  2:46  Drone  
  29  3:07  Drone x6  
  35  3:18  Pneumatized Carapace  
  35  3:23  Overlord  
  35  3:38  Overlord  
  35  3:41  Queen  
  37  3:57  Drone x10  
  37  4:00  Queen  
  37  4:01  Queen  
  51  4:28  Drone x7  
  51  4:31  Overlord x4  
  58  4:49  Queen x3  
  64  4:55  Zergling x14  
  71  5:07  Zergling x4  
  71  5:08  Zergling x10  
  78  5:18  Drone x2  
  81  5:21  Drone x2  
  81  5:24  Overlord x3  
  82  5:30  Overlord x2  
  82  5:33  Baneling Nest  
  82  5:34  Drone  
  82  5:51  Drone x7  
  82  5:55  Hatchery  
  88  5:58  Drone x2  
  88  6:00  Drone x4  
  88  6:01  Extractor  
  88  6:02  Drone x4  
  97  6:05  Drone  
  97  6:08  Extractor  
  97  6:11  Hatchery  
  97  6:12  Extractor, Drone x2  
  97  6:13  Extractor  
  96  6:36  Drone x3  
  96  6:37  Zergling x8  
  103  6:40  Baneling  
  103  6:41  Baneling x14  
  103  6:43  Lair  
  103  6:45  Extractor, Drone x3  
  105  6:47  Zergling x2  
  105  6:48  Zergling x8  
  110  6:55  Overlord  
  110  6:56  Overlord  
  110  7:03  Drone x2, Evolution Chamber  
  110  7:05  Evolution Chamber  
  110  7:08  Drone  
  111  7:10  Zergling x2  
  111  7:11  Zergling x14  
  111  7:13  Baneling x4  
  111  7:14  Baneling x7  
  119  7:31  Zergling x6  
  119  7:32  Zergling x14  
  119  7:33  Zergling x2  
  119  7:44  Centrifical Hooks  
  119  7:49  Drone x3  
  119  7:50  Spire, Queen, Drone x8  
  129  8:06  Zerg Melee Weapons Level 1  
  129  8:07  Zerg Ground Armor Level 1  
  129  8:13  Drone x11  
  129  8:14  Drone x3  
  129  8:18  Extractor  
  129  8:19  Extractor  
  141  8:21  Zergling x2  
  141  8:22  Zergling x6  
  145  8:31  Zergling x10  
  148  8:48  Zergling x2  
  148  8:49  Zergling x2  
  148  8:50  Overlord x3  
  148  8:54  Overseer x4  
  148  8:55  Hatchery  
  145  9:19  Queen, Mutalisk  
  145  9:20  Mutalisk x12  
  173  9:25  Overlord  
  173  9:26  Overlord x12  
  173  9:33  Infestation Pit  
  172  9:41  Baneling x5  
  172  9:42  Baneling x2  
  172  10:04  Drone  
  173  10:23  Corruptor  
  173  10:24  Corruptor x9  
  191  10:58  Zergling x18  
  191  10:59  Overlord x2  
  191  11:00  Overlord x3  
  191  11:02  Hive  
  191  11:03  Zerg Ground Armor Level 2, Zerg Melee Weapons Level 2  
  197  12:23  Zergling x4  
  197  12:27  Extractor  
  197  12:28  Extractor  
  195  12:44  Baneling  
  190  12:45  Baneling x11  
  163  13:07  Zergling x40  
  163  13:08  Zergling x12  
  183  13:16  Queen  
  177  13:27  Baneling x14  
  155  14:15  Ultralisk Cavern  
  154  14:20  Drone x3  
  154  14:21  Drone x2  
  154  14:22  Drone  
Tags
 
Add a new tag
Caveats
  • Supply blocks, unpowered buildings, or Contaminate may cause inaccurate times.
  • Supply counts are checked every 10 seconds.